 Dungeon Crawl Stone Soup version 0.29-a0-775-g4d7333d4e2 (webtiles) character file.

Game seed: 10276654496955334820

102076 bnnt9616 the Warrior (level 15, -7/132 HPs)
             Began as a Demonspawn Monk on June 28, 2022.
             Was the Champion of Trog.
             Mangled by a titanic slime creature (87 damage)
             ... on level 15 of the Dungeon on July 1, 2022.
             The game lasted 01:47:09 (26869 turns).

bnnt9616 the Warrior (Demonspawn Monk)             Turns: 26869, Time: 01:47:10

Health: -7/132     AC: 22    Str: 18    XL:     15   Next: 85%
Magic:  24/24      EV: 21    Int: 12    God:    Trog [******]
Gold:   2914       SH: 15    Dex: 20    Spells: 14/14 levels left

rFire   + . .      SeeInvis .   a - +10 scimitar of Pyromania {vorpal, rF+ Will+}
rCold   + + +      Faith    .   n - +0 kite shield
rNeg    + + .      Spirit   .   W - +2 troll leather armour {Snorg}
rPois   .          Reflect  .   (helmet restricted)
rElec   .          Harm     .   U - +2 cloak {rCorr}
rCorr   +          Rampage  .   S - +2 pair of gloves {Stlth+}
Will    +++++                   G - +2 pair of boots
Stlth   +++++.....              L - amulet "Lodeaxicver" {Will+ Regen+ Dex+2 Stlth+}
HPRegen 2.92/turn               y - ring of Gayxux {rF+ rN+ Dex+2}
MPRegen 0.19/turn               K - ring of Faczuhej {rF- rC+++ rN+ MP+9 Stlth+}

@: strong-willed, regenerating
A: antennae 2, icy blue scales 2, icemail 1, augmentation 1, condensation
shield, demonic magic 2
a: Renounce Religion, Berserk, Trog's Hand, Brothers in Arms


You were on level 15 of the Dungeon.
You worshipped Trog.
Trog was exalted by your worship.
You visited 3 branches of the dungeon, and saw 23 of its levels.
You also visited: Ossuary.

You collected 3466 gold pieces.
You spent 552 gold pieces at shops.

Inventory:

Hand Weapons
 a - the +10 scimitar of Pyromania (weapon) {vorpal, rF+ Will+}
   (Trog gifted it to you on level 12 of the Dungeon)

   It inflicts extra damage upon your enemies.
   rF:        It protects you from fire.
   Will:      It increases your willpower.
 b - a +6 antimagic quick blade
 d - a +0 falchion
 f - a +1 dire flail of draining
 M - a +3 dagger of venom
 O - the +8 scimitar of Experimentation {protect, rC+ Int+4 Dex-3}
   (You found it on level 2 of the Lair of Beasts)

   It grants its wielder temporary protection when it strikes (+7 to AC).
   Int:       It affects your intelligence (+4).
   Dex:       It affects your dexterity (-3).
   rC:        It protects you from cold.
 Z - a +3 long sword
Missiles
 u - a throwing net
 T - 7 boomerangs of dispersal (quivered)
Armour
 n - a +0 kite shield (worn)
 G - a +2 pair of boots (worn)
 S - a +2 pair of gloves of stealth (worn)
 U - a +2 cloak of preservation (worn)
 W - a +2 troll leather armour (worn) {Snorg}
Jewellery
 k - a +6 ring of dexterity
 s - an amulet of magic regeneration
 x - an amulet of the acrobat
 y - the ring of Gayxux (left hand) {rF+ rN+ Dex+2}
   (You acquired it on level 14 of the Dungeon)

   [ring of protection from fire]

   Dex:       It affects your dexterity (+2).
   rF:        It protects you from fire.
   rN:        It protects you from negative energy.
 E - a +4 ring of evasion
 I - a ring of protection from cold
 J - a ring of flight
 K - the ring of Faczuhej (right hand) {rF- rC+++ rN+ MP+9 Stlth+}
   (You found it on level 6 of the Lair of Beasts)

   [ring of magical power]

   rF:        It makes you vulnerable to fire.
   rC:        It renders you almost immune to cold.
   rN:        It protects you from negative energy.
   MP:        It affects your magic capacity (+9).
   Stlth:     It makes you more stealthy.
 L - the amulet "Lodeaxicver" (around neck) {Will+ Regen+ Dex+2 Stlth+}
   (You acquired it on level 2 of the Lair of Beasts)

   [amulet of regeneration]

   Dex:       It affects your dexterity (+2).
   Regen:     It increases your rate of health regeneration.
   Will:      It increases your willpower.
   Stlth:     It makes you more stealthy.
 P - an amulet of reflection
Wands
 g - a wand of iceblast (8)
 j - a wand of mindburst (5)
 v - a wand of polymorph (7)
 C - a wand of flame (13)
 H - a wand of quicksilver (21)
 R - a wand of digging (2)
Scrolls
 h - 8 scrolls of identify
 i - 2 scrolls of immolation
 l - a scroll of poison {unknown}
 t - 7 scrolls of teleportation
 w - 2 scrolls of amnesia
 A - a scroll of summoning
 B - 3 scrolls of fear
 D - a scroll of enchant armour
 N - 3 scrolls of silence
 V - 4 scrolls of blinking
 Y - a scroll of fog
Potions
 c - 2 potions of ambrosia
 e - 7 potions of mutation
 m - 4 potions of might {unknown}
 o - 2 potions of berserk rage {unknown}
 p - a potion of invisibility
 q - 10 potions of curing
 r - 4 potions of heal wounds
 z - 7 potions of lignification {unknown}
 F - 2 potions of magic {unknown}
 Q - 4 potions of flight
 X - 2 potions of haste {unknown}


   Skills:
 * Level 16.7 Fighting
 * Level 15.5 Long Blades
 + Level 15.0 Dodging
 - Level 1.7 Stealth
 * Level 5.3 Shields


You had 14 spell levels left.
You didn't know any spells.
Your spell library was empty.

Dungeon Overview and Level Annotations

Branches:
Dungeon (15/15)            Temple (0/1) D:7            Lair (6/6) D:11
  Swamp (0/4) Lair:4       Spider (0/4) Lair:2        Slime (0/5) Lair:5
    Orc (2/2) D:12            Elf (0/3) Orc:2        Vaults (0/5) D:14
Ossuary (visited)
 Depths: D:15

Altars:
Dithmenos
Elyvilon
Hepliaklqana
Kikubaaqudgha
Okawaru
Qazlal
Trog
Xom
Yredelemnul
Zin
Jiyva

Shops:
D:5 [   D:10 [   Orc:1 !   Orc:2 !:[!

Annotations:
D:6 2 transporters, bande's ghost, amateur GrFi
D:14 Roxanne
Lair:1 3 runed translucent doors, gdog's ghost, journeyman GnDe
Lair:5 1 runed translucent door


Innate Abilities, Weirdness & Mutations

You have a pair of antennae on your head.
You are mostly covered in icy blue scales. (AC +3)
A meltable icy envelope protects you from harm. (AC +4)
Your magical and physical power is slightly enhanced at high health.
A meltable shield of frost defends you. (SH +4)
Spells you cast may paralyse nearby enemies.


Message History

You block the slime creature's attack.
Two slime creatures merge to form a large slime creature.
You slice the slime creature!!
The slime creature is severely wounded.
You block the slime creature's attack.
You slice the slime creature!!
You kill the slime creature!
Trog accepts your kill.
A large slime creature splits.
Two slime creatures merge to form a large slime creature.
You slash the slime creature!
The slime creature is lightly wounded.
You slash the slime creature!
The slime creature is heavily wounded.
You block the slime creature's attack. The slime creature barely misses you.
Two slime creatures merge to form a titanic slime creature.
You slash the slime creature!
The slime creature is severely wounded.
The slime creature hits you but does no damage.
The slime creature misses you.
You completely miss the slime creature.
The slime creature is severely wounded.
The slime creature hits you but does no damage.
You block the titanic slime creature's attack.
The slime creature hits you!
You slice the slime creature!!
You kill the slime creature!
Trog accepts your kill.
Two slime creatures merge to form a large slime creature.
The titanic slime creature hits you!!!
You slice the large slime creature!!
The large slime creature is moderately wounded.
The titanic slime creature closely misses you.
A large slime creature splits.
Your skin crawls.
You feel strong-willed.
The slime creature completely misses you.
The titanic slime creature hits you!!!!
Ouch! That really hurt!
You die...

###############
#....#........# .#
#....#........#..#
#....#........#..#
{
#................#
#................#
#...@J...........#
+...JJ...........#
#................#
#................#
#................#
#................#
#................#
#................#
#................#


You could see a titanic slime creature and 2 slime creatures.

Vanquished Creatures
  Jorgrun (Orc:1)
  Frances (D:13)
  Kirke (D:13)
  An emperor scorpion (D:13)
  The ghost of DocClef the Blocker, a journeyman GnFi of Hepliaklqana (Orc:2)
  An orc warlord (Orc:1)
  Snorg (D:14)
  Harold (Lair:2)
  10 two-headed ogres
  6 centaur warriors
  2 ogre magi (Orc:2)
  3 boulder beetles
  A dancing weapon (Orc:2)
  3 death yaks
  2 orc high priests
  Nergalle (Lair:2)
  Sonja (D:13)
  10 skeletal warriors
  Lodul (D:13)
  2 deep trolls (Orc:2)
  3 bog bodies (Lair:4)
  A necromancer (Lair:3)
  2 deep elf pyromancers
  A deep elf zephyrmancer (D:14)
  An orc knight (Orc:1)
  18 ugly things
  2 orc sorcerers (Orc:1)
  Maurice (Orc:2)
  5 manticores
  7 cyclopes
  Joseph (D:9)
  13 elephants
  5 black mambas
  A black mamba (shapeshifter) (D:13)
  8 cane toads
  Psyche (D:10)
  A kobold demonologist (D:9)
  An unseen horror (D:13)
  A rime drake (Lair:2)
  8 komodo dragons
  A tengu conjurer (D:13)
  13 trolls
  6 polar bears (Lair:6)
  3 meliai (D:14)
  6 hornets
  15 blink frogs
  7 dream sheep
  14 slime creatures
  A centaur simulacrum (D:13)
  A culicivora (Lair:2)
  2 culicivoras (shapeshifter) (D:14)
  15 spriggans (Lair:6)
  4 wraiths
  46 yaks
  2 basilisks (Lair:1)
  A spriggan (shapeshifter) (D:14)
  A vampire (D:13)
  6 wyverns
  2 steam dragons
  Grum (D:9)
  17 vampire mosquitoes
  2 wargs (Orc:2)
  2 swamp worms (Lair:4)
  5 acid dragons
  18 water moccasins
  21 orc warriors
  4 black bears
  2 ice beasts
  23 wolves
  2 sky beasts
  4 boggarts (Lair:6)
  A boggart (shapeshifter) (D:13)
  11 centaurs
  30 ogres
  A phantom (D:6)
  3 gnoll sergeants (D:7)
  5 kobold brigands
  2 necrophages
  2 scorpions
  16 bullfrogs
  8 wights
  3 killer bees (D:10)
  2 howler monkeys
  An electric eel (Lair:4)
  2 hounds (D:5)
  A jelly (D:3)
  A bouda (D:4)
  12 orc priests
  2 iguanas (D:5)
  23 orc wizards
  A polar bear simulacrum (Lair:3)
  3 yak simulacra (Lair:3)
  4 wolf simulacra (Lair:3)
  12 mummies (Ossuary)
  14 gnolls (D:7)
  9 adders
  2 white imps
  An ufetubus (D:4)
  A worm (D:4)
  2 dart slugs (D:1)
  63 orcs
  5 ball pythons
  3 bats
  5 endoplasms
  6 giant cockroaches
  8 goblins
  3 hobgoblins
  3 jackals (D:3)
  6 quokkas
  3 frilled lizards
  3 gnoll skeletons (Ossuary)
  2 goblin skeletons (Ossuary)
  26 kobolds
  A kobold skeleton (Ossuary)
  2 orc skeletons (Ossuary)
  3 rats
  11 rat skeletons (Ossuary)
  3 river rat simulacra (Lair:3)
709 creatures vanquished.

Vanquished Creatures (collateral kills)
  Amaemon (Lair:2)
  An orange demon (Lair:2)
  A butterfly (Lair:2)
3 creatures vanquished.

Vanquished Creatures (others)
  5 humans (D:13)
  An orc wizard (Orc:1)
  2 orcs (Orc:1)
  72 fungi
  60 plants
140 creatures vanquished.

Grand Total: 852 creatures vanquished

Notes
Turn   | Place    | Note
-------+----------+-------------------------------------------
     0 | D:1      | bnnt9616 the Demonspawn Monk began the quest for the Orb.
     0 | D:1      | Reached XP level 1. HP: 18/18 MP: 1/1
   316 | D:1      | Gained mutation: A meltable shield of frost defends you.
                  | (SH +4) [demonic ancestry]
   316 | D:1      | Reached XP level 2. HP: 24/24 MP: 2/2
   499 | D:1      | Found a faded altar of an unknown god.
   530 | D:1      | Prayed at the altar of an unknown god.
   530 | D:1      | Became a worshipper of Trog the Wrathful
   530 | D:1      | Reached * piety under Trog
   530 | D:1      | Reached ** piety under Trog
  1198 | D:2      | Gained mutation: You are partially covered in icy blue
                  | scales. (AC +2) [demonic ancestry]
  1198 | D:2      | Reached XP level 3. HP: 21/29 MP: 3/3
  1697 | D:2      | Reached *** piety under Trog
  2228 | D:3      | Reached XP level 4. HP: 28/37 MP: 4/4
  2250 | D:3      | Reached skill level 4 in Fighting
  2394 | D:3      | Found a shadowy altar of Dithmenos.
  2397 | D:3      | Found a stormy altar of Qazlal.
  2826 | D:3      | Gained mutation: A meltable icy envelope protects you from
                  | harm. (AC +4) [demonic ancestry]
  2826 | D:3      | Reached XP level 5. HP: 42/42 MP: 5/5
  3041 | D:4      | Found a basalt altar of Yredelemnul.
  3117 | D:4      | Found a hazy altar of Hepliaklqana.
  3938 | D:4      | Reached **** piety under Trog
  3953 | D:4      | Noticed an ogre
  4302 | D:5      | Entered Level 5 of the Dungeon
  4303 | D:5      | Noticed a centaur
  4316 | D:5      | Killed a centaur
  4317 | D:5      | Gained mutation: You have a pair of small antennae on your
                  | head. [demonic ancestry]
  4317 | D:5      | Reached XP level 6. HP: 49/49 MP: 6/6
  4689 | D:5      | Noticed an orc warrior
  4701 | D:5      | Reached skill level 5 in Fighting
  4705 | D:5      | Killed an orc warrior
  4706 | D:5      | Reached XP level 7. HP: 56/56 MP: 7/7
  4791 | D:5      | Found a sand-covered staircase.
  4800 | Ossuary  | Entered an ossuary
  5025 | Ossuary  | Reached skill level 5 in Long Blades
  5121 | Ossuary  | Reached skill level 5 in Dodging
  5668 | D:5      | Found Ufijen's Armour Emporium.
  5859 | D:5      | Reached skill level 6 in Fighting
  6209 | D:5      | Gained mutation: You have a pair of antennae on your head.
                  | [demonic ancestry]
  6209 | D:5      | Reached XP level 8. HP: 51/64 MP: 8/8
  6599 | D:6      | Upgraded the game from 0.29-a0-723-gce39da1c22 to
                  | 0.29-a0-757-g358383bc75
  6642 | D:6      | Reached ***** piety under Trog
  6766 | D:6      | Reached skill level 7 in Fighting
  7129 | D:6      | Gained mutation: Spells you cast may paralyse adjacent
                  | enemies. [demonic ancestry]
  7129 | D:6      | Reached XP level 9. HP: 46/71 MP: 9/9
  7327 | D:6      | Found a transporter.
  7333 | D:6      | Noticed bande's ghost (amateur GrFi)
  7337 | D:6      | Noticed a two-headed ogre
  7338 | D:6      | Found a transporter.
  7952 | D:7      | Reached skill level 8 in Fighting
  8916 | D:7      | Found a staircase to the Ecumenical Temple.
  9023 | D:7      | Noticed a centaur warrior
  9037 | D:7      | Killed a centaur warrior
  9047 | D:7      | Gained mutation: You are mostly covered in icy blue scales.
                  | (AC +3) [demonic ancestry]
  9047 | D:7      | Reached XP level 10. HP: 82/82 MP: 10/10
  9195 | D:7      | Found an iron altar of Okawaru.
  9231 | D:7      | Reached skill level 9 in Fighting
 10984 | D:9      | Received a gift from Trog
 11150 | D:9      | Found a shimmering altar of Xom.
 11161 | D:9      | Found an ancient bone altar of Kikubaaqudgha.
 11168 | D:9      | Noticed Joseph
 11197 | D:9      | Killed Joseph
 11438 | D:9      | Noticed Grum
 11460 | D:9      | Noticed a sun demon
 11469 | D:9      | Killed Grum
 11482 | D:9      | Reached skill level 10 in Fighting
 11774 | D:10     | Entered Level 10 of the Dungeon
 12153 | D:10     | Gained mutation: Spells you cast may paralyse nearby
                  | enemies. [demonic ancestry]
 12153 | D:10     | Reached XP level 11. HP: 92/92 MP: 11/11
 12255 | D:10     | Found Socouph's Armour Boutique.
 12315 | D:10     | Found a bloodstained altar of Trog.
 12364 | D:10     | Noticed Psyche
 12383 | D:10     | Killed Psyche
 12874 | D:11     | Reached skill level 10 in Long Blades
 12883 | D:11     | Reached skill level 10 in Dodging
 13109 | D:11     | Reached skill level 11 in Fighting
 13561 | D:11     | Found a staircase to the Lair.
 13597 | D:11     | Noticed a brown ugly thing
 13626 | D:11     | Killed a brown ugly thing
 13972 | D:10     | Bought a +1 cloak of preservation for 231 gold pieces
 14329 | D:12     | Noticed a purple ugly thing
 14567 | Lair:1   | Entered Level 1 of the Lair of Beasts
 14578 | Lair:1   | Upgraded the game from 0.29-a0-757-g358383bc75 to
                  | 0.29-a0-775-g4d7333d4e2
 14593 | Lair:1   | Found a runed translucent gate.
 14593 | Lair:1   | Found a runed translucent gate.
 14597 | Lair:1   | Found a runed translucent gate.
 15675 | Lair:1   | Reached XP level 12. HP: 102/102 MP: 12/12
 16078 | Lair:1   | Noticed an 11-headed hydra
 16079 | Lair:1   | Noticed gdog's ghost (journeyman GnDe)
 16305 | Lair:2   | Noticed Nergalle
 16337 | Lair:2   | Killed Nergalle
 16338 | Lair:2   | Reached skill level 12 in Fighting
 16465 | Lair:2   | Noticed a seven-headed hydra
 16728 | Lair:2   | Noticed Harold
 16753 | Lair:2   | Killed Harold
 17071 | Lair:2   | Identified 2 scrolls of acquirement
 17071 | Lair:2   | Acquired the amulet "Lodeaxicver" {Will+ Regen+ Dex+2
                  | Stlth+}
 17110 | Lair:2   | Noticed Amaemon
 17119 | Lair:2   | Killed Amaemon
 17551 | Lair:2   | Identified the +8 scimitar of Experimentation {protect, rC+
                  | Int+4 Dex-3}
 17596 | Lair:2   | Found a hole to the Spider Nest.
 17908 | Lair:3   | Noticed a death yak
 18105 | Lair:3   | Noticed a death yak
 18367 | Lair:3   | Noticed a death yak
 18442 | Lair:2   | Killed a death yak
 18454 | Lair:3   | Killed a death yak
 18492 | Lair:3   | Killed a death yak
 18551 | Lair:3   | Reached skill level 13 in Fighting
 19013 | Lair:4   | Noticed a seven-headed hydra
 19218 | Lair:4   | Gained mutation: Your magical and physical power is
                  | slightly enhanced at high health. [demonic ancestry]
 19218 | Lair:4   | Reached XP level 13. HP: 101/111 MP: 13/13
 19865 | Lair:4   | Found a staircase to the Swamp.
 20261 | Lair:5   | Reached ****** piety under Trog
 20563 | Lair:5   | Found a runed translucent door.
 20564 | Lair:5   | Found a viscous altar of Jiyva.
 20566 | Lair:5   | Found a staircase to the Slime Pits.
 21090 | D:12     | Reached skill level 14 in Fighting
 21205 | D:12     | Identified the +10 scimitar of Pyromania {vorpal, rF+
                  | Will+} (Trog gifted it to you on level 12 of the Dungeon)
 21205 | D:12     | Received a gift from Trog
 21396 | D:12     | Found a staircase to the Orcish Mines.
 21628 | Orc:1    | Entered Level 1 of the Orcish Mines
 21715 | Orc:1    | Noticed Jorgrun
 21721 | Orc:1    | Found Nulykienn's Distillery.
 21728 | Orc:1    | Killed Jorgrun
 21902 | Orc:1    | Noticed an orc warlord
 21917 | Orc:1    | Killed an orc warlord
 21928 | Orc:1    | Reached XP level 14. HP: 121/121 MP: 14/14
 21929 | Orc:1    | Received a gift from Trog
 22041 | Orc:2    | Entered Level 2 of the Orcish Mines
 22114 | Orc:2    | Noticed Maurice
 22138 | Orc:2    | Killed Maurice
 22175 | Orc:2    | Found a staircase to the Elven Halls.
 22201 | Orc:2    | Found Ponaog's Armour Emporium.
 22287 | Orc:2    | Reached skill level 15 in Fighting
 22443 | Orc:2    | Found Yrim's Distillery.
 22449 | Orc:2    | Found Piss's Book Shop.
 22452 | Orc:2    | Bought a +2 pair of gloves of stealth for 236 gold pieces
 22480 | Orc:2    | Found Genaboq's Distillery.
 22488 | Orc:2    | Bought a potion of heal wounds for 85 gold pieces
 22639 | Orc:2    | Found a runed translucent door.
 22643 | Orc:2    | Found a shimmering altar of Xom.
 22643 | Orc:2    | Noticed DocClef's ghost (journeyman GnFi)
 22669 | Orc:2    | Killed DocClef's ghost
 23171 | Lair:6   | Entered Level 6 of the Lair of Beasts
 23214 | Lair:6   | Received a gift from Trog
 24029 | Lair:6   | Identified the ring of Faczuhej {rF- rC+++ rN+ MP+9 Stlth+}
 24176 | Lair:6   | Reached XP level 15. HP: 129/130 MP: 15/15
 24177 | Lair:6   | Received a gift from Trog
 24562 | D:13     | Reached skill level 1 in Shields
 24587 | D:13     | Noticed Lodul
 24601 | D:13     | Killed Lodul
 24656 | D:13     | Reached skill level 16 in Fighting
 24765 | D:13     | Noticed Kirke
 24772 | D:13     | Killed Kirke
 24902 | D:13     | Noticed an emperor scorpion
 24902 | D:13     | a seven-headed hydra changed into an emperor scorpion
 24918 | D:13     | Killed an emperor scorpion
 24971 | D:13     | Reached skill level 15 in Long Blades
 25314 | D:13     | Noticed Frances
 25332 | D:13     | Killed Frances
 25338 | D:13     | Noticed Sonja
 25343 | D:13     | Killed Sonja
 25442 | D:14     | Noticed Snorg
 25452 | D:14     | Killed Snorg
 25522 | D:14     | Acquired 567 gold pieces
 25526 | D:14     | Acquired the ring of Gayxux {rF+ rN+ Dex+2}
 25770 | D:14     | Found a gate to the Vaults.
 25933 | D:14     | Noticed Roxanne
 26255 | D:14     | Received a gift from Trog
 26486 | D:15     | Entered Level 15 of the Dungeon
 26527 | D:15     | Reached skill level 15 in Dodging
 26650 | D:15     | Reached skill level 5 in Shields
 26869 | D:15     | Mangled by a titanic slime creature

Illustrated notes

Levels and vault maps discovered:
D:1:      amcnicky_arrival_single_pillar, layout_loops_corners,
          hellmonk_ecumenical_altar_lost_god, dreamdust_princess_corridor,
          minmay_misc_feat_cross, minmay_pentomino_v4
D:2:      layout_loops_ring, serial_forest, infiniplex_forest_end_1,
          infiniplex_forest_side_room, infiniplex_forest_clump_curved,
          infiniplex_forest_clump_tiny, infiniplex_forest_lined_2,
          infiniplex_forest_end_2, infiniplex_forest_end_2,
          infiniplex_forest_zigzag_2, infiniplex_forest_lined_corner,
          st_stairs_1
D:3:      layout_basic, minmay_overflow_temple_star_quad, kennysheep_crisscross
D:4:      minmay_evil_eye, layout_layer_cave, amcnicky_altar_gilded,
          nicolae_overflow_crystal_walls, roderic_roman_lattice,
          due_unseen_surprise
D:5:      layout_cave_pods, serial_shops, shop, nicolae_ossuary_entry_ruins
D:6:      layout_loops_ring, gammafunk_ghost_arena,
          chequers_hall_statues_wall_a, minmay_door_square
D:7:      layout_loops_corners, kennysheep_little_box, lemuel_temple_firewalk_b,
          minmay_three_doors
D:8:      layout_rooms, abandoned_shop
D:9:      layout_roguey, mainiacjoe_overflow_swirl, uniq_grum, uniq_joseph
D:10:     layout_loops_ring, general_overflow_altar,
          mainiacjoe_overflow_cross_hatched, serial_shops,
          nicolae_take_the_stairs, uniq_psyche
D:11:     layout_basic, due_lair_maze_entry_diamond, minmay_unpleasant_kobolds
D:12:     layout_roguey, orc_0_dummy
D:13:     minmay_the_grid_square_5x5_3x3
          [minmay_the_grid_square_5x5_checkered_sparse,
          minmay_the_grid_square_5x5_shrine1, minmay_the_grid_square_5x5_empty,
          minmay_the_grid_square_5x5_inner_i,
          minmay_the_grid_square_5x5_megaprize_checkered,
          minmay_the_grid_square_5x5_three_walls,
          minmay_the_grid_square_5x5_forky,
          minmay_the_grid_square_5x5_inverted_slash,
          minmay_the_grid_square_5x5_six], layout_irregular_city, uniq_lodul,
          uniq_kirke, uniq_sonja, uniq_frances
D:14:     layout_stronghold, david_vaults_1, grunt_decor_arrowhead, uniq_snorg,
          uniq_roxanne
D:15:     gammafunk_enter_depths_forms, layout_grid_maze,
          chequers_serial_rivers_micro_c, glass_columns_a
Lair:1:   layout_regular_city, gammafunk_ghost_hydra_chop, lemuel_fruit_tree,
          grunt_megastairs_3
Lair:2:   layout_hall_layers, spider_nest_entry_rubble, gauntlet_entry_generic,
          lemuel_fruit_fields, uniq_nergalle, uniq_amaemon, uniq_harold
Lair:3:   layout_chaotic_city, eino_house_with_fridge
Lair:4:   layout_roguey, nicolae_swamp_entry_splash_gauntlet,
          lemuel_fruit_fields, infiniplex_staircase_pool
Lair:5:   layout_loops_ring, slime_entry_2
Lair:6:   minmay_lair_end_enchanted_forest, layout_loops_ring, wad_woods_03,
          serial_bayou_shore_b
Orc:1:    layout_diamond_mine, serial_shops, shop, uniq_jorgrun
Orc:2:    st_orc_open, layout_caves, ebering_ghost_xom, uniq_maurice

Skill      XL: |  1  2  3  4  5  6  7  8  9 10 11 12 13 14 15 |
---------------+----------------------------------------------+-----
Dodging        | 3 4 5 6 8 9 10 12 13 14 15 | 15.0
Long Blades    | 3 4 5 6 8 9 10 12 13 14 15 | 15.5
Fighting       | 4 5 6 7 8 10 11 13 14 15 16 | 16.7
Shields        | 5 |  5.3
Stealth        | |  1.7

Action                   |  1- 3 |  4- 6 |  7- 9 | 10-12 | 13-15 || total
-------------------------+-------+-------+-------+-------+-------++-------
Melee: Dagger            |    77 |   124 |   535 |   993 |       ||  1729
       Punch             |       |     2 |    13 |       |       ||    15
       Scimitar          |       |       |       |   188 |  1150 ||  1338
Throw: Throwing net      |       |       |       |     1 |       ||     1
       Boomerang         |       |       |       |     2 |     7 ||     9
Invok: Berserk           |     1 |     3 |    10 |     7 |     9 ||    30
       Trog's Hand       |       |       |     1 |     3 |     4 ||     8
Evoke: Wand              |       |       |       |       |    17 ||    17
  Use: Scroll            |       |     1 |       |    17 |     4 ||    22
       Potion            |       |       |       |       |     1 ||     1
 Stab: Sleeping          |     4 |     6 |     9 |     5 |    16 ||    40
       Invisible         |       |       |       |     2 |       ||     2
       Distracted        |       |       |       |     1 |     2 ||     3
Armor: Robe              |     8 |    31 |    94 |       |       ||   133
       Steam dragon scal |       |       |       |   177 |   130 ||   307
       Troll leather arm |       |       |       |       |   243 ||   243
Dodge: Dodged            |    43 |    69 |   272 |   450 |  1039 ||  1873
Block: Other             |    11 |    25 |    65 |       |       ||   101
       Kite shield       |       |       |       |   866 |   917 ||  1783
       Reflection        |       |       |       |     7 |       ||     7

Table legend: (Time is in decaauts)
 A = Elapsed time spent in this place.
 B = Non-inter-level travel time spent in this place.
 C = Inter-level travel time spent in this place.
 D = Time resting spent in this place.
 E = Time spent auto-exploring this place.
 F = Levels seen in this place.
 G = Mean time per level.
                   A        B        C        D        E       F      G
               +--------+--------+--------+--------+--------+-----+--------+
         Total |  26819 |  25605 |   1214 |   1961 |  17454 |  24 | 1117.5 |
       Dungeon |  17176 |  16506 |    670 |   1493 |  11464 |  15 | 1145.1 |
          Lair |   7542 |   7096 |    446 |    386 |   4776 |   6 | 1257.0 |
  Orcish Mines |   1389 |   1291 |     98 |     82 |    749 |   2 |  694.5 |
       Ossuary |    710 |    710 |      0 |      0 |    465 |   1 |  710.0 |
               +--------+--------+--------+--------+--------+-----+--------+

Top non-repeatable levels by time:
    D:11: 1915 daAuts
  Lair:1: 1783 daAuts
     D:6: 1644 daAuts
     D:7: 1636 daAuts
  Lair:2: 1587 daAuts
     D:5: 1373 daAuts
     D:4: 1278 daAuts
     D:9: 1265 daAuts
  Lair:6: 1188 daAuts
  Lair:3: 1164 daAuts
     D:1: 1154 daAuts
  Lair:4: 1048 daAuts
    D:14: 1035 daAuts
    D:12: 997 daAuts
     D:3: 981 daAuts
